 Dungeon Sprint DCSS version 0.21-a0-297-ga3d34c2 (webtiles) character file.

170 Kidiri the Thaumaturge (level 5, 0/28 HPs)
             Began as a Deep Elf Fire Elementalist on Sept 28, 2017.
             Was an Initiate of Vehumet.
             Killed from afar by a deep elf mage (9 damage)
             ... with a magic dart
             ... in the Dungeon (Sprint III: "The Ten Rune Challenge").
             The game lasted 00:03:28 (465 turns).

Kidiri the Thaumaturge (Deep Elf Fire Elementalist)  Turns: 465, Time: 00:03:29

Health: 0/28       AC:  4    Str:  5    XL:     5   Next: 26%
Magic:  14/18      EV: 13    Int: 21    God:    Vehumet [......]
Gold:   35         SH:  0    Dex: 15    Spells: 6/24 levels left

rFire    . . .     SeeInvis .   r - +0 dagger
rCold    . . .     Gourm    .   (no shield)
rNeg     . . .     Faith    .   a - +0 robe
rPois    .         Spirit   .   (helmet restricted)
rElec    .         Reflect  .   (no cloak)
rCorr    .         Harm     .   (no gloves)
MR       .....     NoTele   +   (no boots)
Stlth    ++........             (no amulet)
HPRegen  0.09/turn              (no ring)
MPRegen  0.16/turn              (no ring)

@: no status effects
A: horns 1, slimy green scales 1, low mp 1, mutation resistance 1
a: Renounce Religion


You were in the Dungeon.
You worshipped Vehumet.
Vehumet was noncommittal.
You were not hungry.

You visited 1 branch You collected 35 gold pieces.

Inventory:

Hand Weapons
 r - a +0 dagger (weapon)
Armour
 a - a +0 robe (worn)
Scrolls
 i - a scroll of blinking
 j - a scroll of enchant armour {unknown}
 k - a scroll of holy word {unknown}
 l - 3 scrolls of identify
 m - 2 scrolls of remove curse {unknown}
 p - a scroll of torment {unknown}
Potions
 e - a potion of mutation
 f - a potion of haste
 g - 2 potions of magic
 h - a potion of berserk rage
 o - 3 potions of flight
Comestibles
 c - a bread ration
 n - 2 royal jellies


   Skills:
 - Level 2.4 Dodging
 - Level 2.4 Stealth
 * Level 10.3 Spellcasting
 + Level 5.9 Conjurations
 + Level 6.6 Fire Magic


You had 6 spell levels left.
You knew the following spells:

 Your Spells              Type           Power        Failure   Level  Hunger
a - Flame Tongue          Conj/Fire      #####        1%          1    None
b - Throw Flame           Conj/Fire      #####.       1%          2    None
c - Conjure Flame         Conj/Fire      #####...     1%          3    None
d - Inner Flame           Hex/Fire       ###.....     4%          3    None
e - Sticky Flame          Conj/Fire      #####...     4%          4    ##.....
f - Fireball              Conj/Fire      #####.....   13%         5    ####...


Dungeon Overview and Level Annotations

Branches:
Dungeon (1/1)

Altars:
Elyvilon
Kikubaaqudgha
Sif Muna
Vehumet
Zin
The Shining One


Innate Abilities, Weirdness & Mutations

You have a pair of small horns on your head.
You are partially covered in slimy green scales. (AC +2)
Your magical capacity is low. (-10% MP)
You are somewhat resistant to further mutation.


Message History

Unknown command.
There is an open door to the Ecumenical Temple here.
You close the door.
A deep elf mage opens the door.
The deep elf mage casts a spell at you. The orb of energy misses you.
You see here a robe.
You start resting.
Casting: Conjure Flame
Confirm with . or Enter, or press ? or * to list all spells.
Aiming: Sticky Flame
Press: ? - help, Shift-Dir - straight line, f - deep elf mage
Aim: a deep elf mage, wielding a long sword of holy wrath (lightly wounded)
The sticky flame hits the deep elf mage.
The deep elf mage is lightly wounded.
The deep elf mage is covered in liquid flames!
The deep elf mage burns!
The deep elf mage casts a spell at you. The magic dart hits you!
You die...

▓▓▓▓▓▓▓▓▓ ▓▓▓
▓<..#(..#### ##.#####
▓...#......#####..#__e#
▓..##.......#..#..#e..#
▓##.##.##...#..#..###'#
##.##.###..##+#..#....
▓#.####e##..###.e.'.⌠..
▓.###.@##..####...#...#
▓#.....##..###....#.⌠.#
###..##...##.....#...#
##..##...e#......#+###
#..###..##.#.....#.:.#
#..# #..#####....#___#
▓▓▓▓*▓▓▓▓ ▓▓▓▓▓▓▓▓▓▓ ≈
* * ≈ ≈


You could see a deep elf mage (burning).

Vanquished Creatures
  A water elemental (D)
  A wizard (D)
  Jessica (D)
  A human (D)
  A kobold demonologist (D)
  A wolf (D)
  2 oozes (D)
8 creatures vanquished.

Vanquished Creatures (others)
  2 draconian scorchers (D)
  6 hellions (D)
  A yaktaur (D)
  A plant (D)
10 creatures vanquished.

Grand Total: 18 creatures vanquished

Notes
Turn   | Place    | Note
-------+----------+-------------------------------------------
     0 | D        | Kidiri the Deep Elf Fire Elementalist began the quest for the Orb.
     0 | D        | Reached XP level 1. HP: 10/10 MP: 6/6
     8 | D        | Reached skill level 4 in Spellcasting
    40 | D        | Reached skill level 5 in Spellcasting
    40 | D        | Reached XP level 2. HP: 15/15 MP: 6/10
    44 | D        | Learned a level 2 spell: Throw Flame
    81 | D        | Noticed Jessica
    84 | D        | Killed a hellion
    88 | D        | Killed Jessica
    88 | D        | Reached skill level 6 in Spellcasting
    88 | D        | Reached XP level 3. HP: 19/19 MP: 9/13
    93 | D        | Learned a level 3 spell: Conjure Flame
    97 | D        | Learned a level 3 spell: Inner Flame
   138 | D        | Reached skill level 7 in Spellcasting
   138 | D        | Reached skill level 5 in Fire Magic
   138 | D        | Killed a hellion
   138 | D        | Killed a hellion
   152 | D        | Killed a yaktaur
   157 | D        | Killed a hellion
   159 | D        | Killed a hellion
   176 | D        | Reached XP level 4. HP: 14/24 MP: 3/15
   197 | D        | Gained mutation: Your muscles are strong. (Str +2) [potion of mutation]
   197 | D        | Gained mutation: You have sharp toenails. [potion of mutation]
   197 | D        | Gained mutation: You passively map a small area around you. [potion of mutation]
   197 | D        | Gained mutation: Your flesh is cold resistant. (rC+) [potion of mutation]
   198 | D        | Lost mutation: Your muscles are strong. (Str +2) [potion of mutation]
   198 | D        | Lost mutation: You passively map a small area around you. [potion of mutation]
   198 | D        | Lost mutation: You have sharp toenails. [potion of mutation]
   198 | D        | Gained mutation: You are partially covered in slimy green scales. (AC +2) [potion of mutation]
   198 | D        | Gained mutation: You are weak. (Str -2) [potion of mutation]
   198 | D        | Gained mutation: You have a pair of small horns on your head. [potion of mutation]
   199 | D        | Lost mutation: Your flesh is cold resistant. (rC+) [potion of mutation]
   199 | D        | Lost mutation: You are weak. (Str -2) [potion of mutation]
   199 | D        | Gained mutation: Your body sometimes deteriorates upon taking damage. [potion of mutation]
   199 | D        | Gained mutation: You are somewhat resistant to further mutation. [potion of mutation]
   199 | D        | Gained mutation: You are dopey. (Int -2) [potion of mutation]
   200 | D        | Lost mutation: You are dopey. (Int -2) [potion of mutation]
   200 | D        | Lost mutation: Your body sometimes deteriorates upon taking damage. [potion of mutation]
   200 | D        | Gained mutation: Your magical capacity is low. (-10% MP) [potion of mutation]
   228 | D        | Killed a hellion
   256 | D        | Learned a level 4 spell: Sticky Flame
   256 | D        | Killed a white draconian scorcher
   266 | D        | Killed a white draconian scorcher
   302 | D        | Noticed a water elemental
   305 | D        | Killed a water elemental
   305 | D        | Reached skill level 9 in Spellcasting
   305 | D        | Reached skill level 5 in Conjurations
   351 | D        | Found a radiant altar of Vehumet.
   352 | D        | Found a deep blue altar of Sif Muna.
   352 | D        | Found an ancient bone altar of Kikubaaqudgha.
   352 | D        | Noticed a wizard
   356 | D        | Killed a wizard
   356 | D        | Reached skill level 10 in Spellcasting
   356 | D        | Reached XP level 5. HP: 25/28 MP: 7/17
   368 | D        | Learned a level 5 spell: Fireball
   378 | D        | Became a worshipper of Vehumet
   430 | D        | Found a glowing silver altar of Zin.
   431 | D        | Found a glowing golden altar of the Shining One.
   431 | D        | Found a white marble altar of Elyvilon.
   431 | D        | Noticed a deep elf mage
   465 | D        | Killed from afar by a deep elf mage

Vault maps used:
D:        dungeon_sprint_mu

Skill      XL: |  1  2  3  4 |
---------------+-------------+-----
Spellcasting   | 5 6 7 10 | 10.3
Conjurations   | 2 3 4 5 |  5.9
Fire Magic     | 4 5 6 |  6.6
Dodging        | |  2.4
Stealth        | |  2.4

Action                   |  1- 3 |  4- 6 || total
-------------------------+-------+-------++-------
Melee: Unarmed           |       |     1 ||     1
       Dagger            |       |     1 ||     1
 Cast: Flame Tongue      |    20 |     5 ||    25
       Sticky Flame      |       |     3 ||     3
       Conjure Flame     |       |     2 ||     2
  Use: Potion            |     2 |     4 ||     6
 Stab: Sleeping          |       |     2 ||     2
Armor: Robe              |       |     2 ||     2
Dodge: Dodged            |    10 |     3 ||    13

Table legend:
 A = Spawn XP
 B = Non-spawn XP
 C = Spawn XP percentage of total XP
 D = Spawn monster count
 E = Non-spawn monster count
 F = Spawn count percentage of total count
 G = Total turns spent on level
                    A         B        C        D         E        F      G
               +---------+---------+-------+---------+---------+-------+---------
         Total |       0 |     244 |   0.0 |       0 |       8 |   0.0 |   465
               +---------+---------+-------+---------+---------+-------+---------
             D |       0 |     244 |   0.0 |       0 |       8 |   0.0 |   465
               +---------+---------+-------+---------+---------+-------+---------
